 Dungeon Crawl Stone Soup version 0.29.1-1-gd02db6906a (webtiles) character file.

Game seed: 2887733948239929615

1621 groovy9 the Skirmisher (level 8, -3/48 HPs)
             Began as a Deep Elf Hunter on Sept 15, 2022.
             Shot with a sling bullet by Joseph (15 damage)
             ... on level 7 of the Dungeon.
             The game lasted 00:18:37 (5253 turns).

groovy9 the Skirmisher (Deep Elf Hunter)            Turns: 5253, Time: 00:18:38

Health: -3/48      AC:  9    Str:  8    XL:     8   Next: 64%
Magic:  12/13      EV: 15    Int: 15    God:
Gold:   237        SH:  0    Dex: 20    Spells: 7/11 levels left

rFire   . . .      SeeInvis .   s - +0 longbow
rCold   . . .      Faith    .   (shield currently unavailable)
rNeg    . . .      Spirit   .   m - +1 leather armour {Will+}
rPois   .          Reflect  .   c - +1 helmet
rElec   .          Harm     .   o - +0 cloak
rCorr   .          Rampage  .   (no gloves)
Will    +....                   l - +1 pair of boots
Stlth   ++........              d - amulet of regeneration
HPRegen 0.96/turn               (no ring)
MPRegen 0.13/turn               (no ring)

@: no status effects
A: no striking features
a: no special abilities


You were on level 7 of the Dungeon.
You visited 2 branches of the dungeon, and saw 8 of its levels.
You also visited: Sewer.

You collected 237 gold pieces.

Inventory:

Hand Weapons
 s - a +0 longbow (weapon)
Armour
 c - a +1 helmet (worn)
 l - a +1 pair of boots (worn)
 m - a +1 leather armour of willpower (worn)
 o - a +0 cloak (worn)
Jewellery
 d - an amulet of regeneration (around neck)
Scrolls
 a - a scroll of blinking {unknown}
 b - 5 scrolls of immolation
 p - 3 scrolls of vulnerability
 q - a scroll of teleportation
 u - a scroll of fog
 v - a scroll of silence {unknown}
 w - a scroll of magic mapping
 x - a scroll of amnesia {unknown}
 y - a scroll of enchant armour
Potions
 e - 3 potions of attraction
 f - 2 potions of lignification {unknown}
 g - a potion of invisibility
 h - a potion of mutation {unknown}
 i - 5 potions of curing
 j - 4 potions of heal wounds
 k - a potion of ambrosia {unknown}
 n - 2 potions of experience {unknown}
 r - a potion of brilliance {unknown}
 t - 2 potions of resistance {unknown}


   Skills:
 + Level 4.6 Fighting
 * Level 11.2 Ranged Weapons
 + Level 6.8 Dodging
 - Level 1.2 Stealth
 + Level 2.1 Spellcasting
 + Level 2.0 Hexes


You had 7 spell levels left.
You knew the following spells:

 Your Spells              Type           Power      Damage    Failure   Level
a - Slow                  Hex            28%        N/A       14%         1
b - Confusing Touch       Hex            7%         N/A       38%         3

Your spell library contained the following spells:

 Spells                   Type           Power      Damage    Failure   Level
 Magic Dart               Conj           4%         1d3       32%         1
 Summon Small Mammal      Summ           4%         N/A       32%         1
 Summon Guardian Golem    Hex/Summ       4%         N/A       54%         3
 Call Canine Familiar     Summ           1%         N/A       67%         3
 Vampiric Draining        Necr           1%         2d6       67%         3


Dungeon Overview and Level Annotations

Branches:
Dungeon (7/15)             Temple (1/1) D:5           Sewer (visited)

Altars:
Ashenzari
Dithmenos
Elyvilon
Gozag
Kikubaaqudgha
Makhleb
Okawaru
Ru
Trog
Vehumet
Wu Jian
Xom
Yredelemnul
Zin
The Shining One

Annotations:
D:7 Joseph


Message History

Found an escape hatch in the floor.
You see here a +0 ring mail.
There is a stone staircase leading up here.
There is a stone staircase leading down here.
There is a stone staircase leading down here.
Done exploring.
Search for what [Enter for "."]? .
There is a stone staircase leading down here.
You climb downwards.
There is a stone staircase leading up here.
Found a stone staircase leading down.
Joseph, a Mercenary comes into view.
He is wielding a +0 quarterstaff.
There is a stone staircase leading down here.
You shoot an arrow. The arrow hits Joseph!
Joseph is lightly wounded.
Joseph unwields a +0 quarterstaff.
Joseph wields a +3 vorpal sling.
Joseph shoots a sling bullet.
The sling bullet hits you!
You are too injured to fight recklessly!
Fire: s) +0 longbow
Press: ? - help, Q - select action, (/) - cycle Shift-Dir - straight line, f/p - Joseph
Aim: Joseph, wielding a +3 vorpal sling and wearing a +0 leather armour (lightly wounded, 67% to hit)
You shoot an arrow.
The arrow hits Joseph but does no damage.
Joseph is lightly wounded.
Joseph shoots a sling bullet.
The sling bullet hits you!
Cast which spell? (? or * to list)
Aiming: Slow (safe; 14% risk of failure)
Press: ? - help, Shift-Dir - straight line, f/p - Joseph
Aim: Joseph, wielding a +3 vorpal sling and wearing a +0 leather armour (lightly wounded, chance to affect: 27%) Joseph seems to slow down.
Fire: s) +0 longbow
Press: ? - help, Q - select action, (/) - cycle Shift-Dir - straight line, f/p - Joseph
Aim: Joseph, wielding a +3 vorpal sling and wearing a +0 leather armour (lightly wounded, slow, 67% to hit)
You shoot an arrow. The arrow hits Joseph!
Joseph is moderately wounded.
Joseph says, "I'm here to kill trespassers.
I like my job."
Joseph shoots a sling bullet.
The sling bullet hits you!
* * * LOW HITPOINT WARNING * * *
Joseph shoots a sling bullet.
The sling bullet hits you!
You die...

### ..#
########.#
#......#.#
#.####.#.#
#.#..#.#.#
#...<#.#.#
.######.#@#######
.........>......@
#########.#######
..# ##.# ... #.#
#.# #.#


You could see Joseph (slow).

Vanquished Creatures
  Grinder (Sewer)
  A black bear (D:5)
  An ice beast (D:6)
  3 ogres
  A centaur (D:6)
  A phantom (Sewer)
  2 kobold brigands (Sewer)
  A bullfrog (D:6)
  2 scorpions
  4 hounds
  An orc priest (D:5)
  A jelly (D:5)
  An iguana (D:5)
  Natasha (twice) (D:3)
  2 orc wizards
  Robin (D:2)
  2 adders (D:4)
  4 shadow imps (Sewer)
  A white imp (D:6)
  2 ufetubi
  An adder zombie (Sewer)
  2 dart slugs
  16 orcs
  3 ball pythons
  10 endoplasms
  3 giant cockroaches
  14 goblins
  7 hobgoblins
  17 jackals
  6 quokkas
  6 bats
  5 frilled lizards
  16 kobolds
  3 kobold zombies (Sewer)
  7 rats
150 creatures vanquished.

Vanquished Creatures (others)
  2 fungi (D:2)
2 creatures vanquished.

Grand Total: 152 creatures vanquished

Notes
Turn   | Place    | Note
-------+----------+-------------------------------------------
     0 | D:1      | groovy9 the Deep Elf Hunter began the quest for the Orb.
     0 | D:1      | Reached XP level 1. HP: 12/12 MP: 3/3
   183 | D:1      | Reached XP level 2. HP: 17/17 MP: 4/4
   914 | D:1      | Reached skill level 6 in Ranged Weapons
   919 | D:1      | Reached XP level 3. HP: 17/21 MP: 5/5
  1371 | D:2      | Noticed a scorpion
  1376 | D:2      | Killed a scorpion
  1377 | D:2      | Reached XP level 4. HP: 26/26 MP: 6/6
  1413 | D:2      | Found a faded altar of an unknown god.
  1427 | D:2      | Got Plato's Volume of Blows and Bruises
  1650 | D:2      | Noticed Robin
  1662 | D:2      | Killed Robin
  1887 | D:3      | Reached skill level 7 in Ranged Weapons
  1899 | D:2      | Reached XP level 5. HP: 31/31 MP: 7/7
  2043 | D:3      | Noticed Natasha
  2049 | D:3      | Killed Natasha
  2067 | D:3      | Noticed an ogre
  2082 | D:3      | Killed an ogre
  2267 | D:3      | Noticed Natasha
  2268 | D:3      | Killed Natasha
  2269 | D:3      | Reached XP level 6. HP: 36/36 MP: 8/8
  2480 | D:4      | Found a glowing golden altar of the Shining One.
  2512 | D:4      | Reached skill level 8 in Ranged Weapons
  2825 | D:4      | Found a white marble altar of Elyvilon.
  2856 | D:4      | Identified the +1 leather armour of Going Fast {Contam
                  | Str+8}
  2960 | D:5      | Entered Level 5 of the Dungeon
  3028 | D:5      | Reached skill level 5 in Dodging
  3028 | D:5      | Reached XP level 7. HP: 41/41 MP: 9/9
  3118 | D:5      | Found a staircase to the Ecumenical Temple.
  3145 | Temple   | Entered the Ecumenical Temple
  3358 | D:5      | Found a basalt altar of Yredelemnul.
  3358 | D:5      | Found a faded altar of an unknown god.
  3366 | D:5      | Found a sacrificial altar of Ru.
  3368 | D:5      | Found a shimmering altar of Xom.
  3369 | D:5      | Found a faded altar of an unknown god.
  3504 | D:5      | Found a glowing drain.
  3508 | Sewer    | Entered a sewer
  3574 | Sewer    | Reached skill level 9 in Ranged Weapons
  3606 | Sewer    | Found an ancient bone altar of Kikubaaqudgha.
  3755 | Sewer    | Noticed Grinder
  3770 | Sewer    | Killed Grinder
  3771 | Sewer    | Reached skill level 10 in Ranged Weapons
  3771 | Sewer    | Reached XP level 8. HP: 48/48 MP: 10/10
  4114 | D:5      | Learned a level 1 spell: Slow
  4118 | D:5      | Learned a level 3 spell: Confusing Touch
  4792 | D:6      | Reached skill level 1 in Hexes
  4811 | D:6      | Reached skill level 1 in Spellcasting
  4823 | D:6      | Reached skill level 11 in Ranged Weapons
  5248 | D:7      | Noticed Joseph
  5253 | D:7      | Shot with a sling bullet by Joseph

Illustrated notes

Levels and vault maps discovered:
D:1:      beargit_arrival_diablo_church, layout_basic, hex_tiny
D:2:      layout_rooms, shapermc_ecumenical_altar_rom_forum, uniq_robin
D:3:      layout_rooms, uniq_natasha
D:4:      layout_loops_cross, tso_oasis_becter, elyvilon_altar_3
D:5:      layout_basic, chequers_temple_overflow_minitemple,
          minmay_temple_entry_glass, gup_sewer_entry_bowl
D:6:      layout_loops_ring
D:7:      layout_basic, led_sif_pool, lemuel_coloured_pillars_altar,
          interstate_on_off, kennysheep_generic_room_5, uniq_joseph, uniq_maggie
Temple:   nicolae_temple_bog_church

Skill      XL: |  1  2  3  4  5  6  7  8 |
---------------+-------------------------+-----
Ranged Weapons | 6 7 8 10 11 | 11.2
Dodging        | 3 4 5 6 |  6.8
Fighting       | 2 3 4 |  4.6
Hexes          | 2 |  2.0
Spellcasting   | 2 |  2.1
Stealth        | |  1.2

Action                   |  1- 3 |  4- 6 |  7- 9 || total
-------------------------+-------+-------+-------++-------
 Fire: Shortbow          |    76 |   167 |   161 ||   404
       Longbow           |       |       |    41 ||    41
 Cast: Slow              |       |       |     1 ||     1
  Use: Scroll            |     3 |     4 |     6 ||    13
       Potion            |       |     3 |     1 ||     4
Armor: Leather armour    |     7 |    21 |    24 ||    52
Dodge: Dodged            |    25 |    34 |    73 ||   132
